 Dungeon Crawl Stone Soup version 0.28.0 (webtiles) character file.

Game seed: 8928247020135200022

1467 crazypyro the Cleaver (level 8, 0/68 HPs)
             Began as a Minotaur Fighter on Feb 6, 2022.
             Slain by an orc warrior (17 damage)
             ... on level 5 of the Dungeon.
             The game lasted 00:04:20 (5276 turns).

crazypyro the Cleaver (Minotaur Fighter)            Turns: 5276, Time: 00:04:20

Health: 0/68       AC:  8    Str: 23    XL:     8   Next: 48%
Magic:  7/7        EV: 16    Int:  5    God:
Gold:   233        SH:  5    Dex: 16    Spells: 7/7 levels left

rFire   . . .      SeeInvis .   a - +0 war axe
rCold   . . .      Faith    .   c - +0 buckler
rNeg    . . .      Spirit   .   b - +0 scale mail
rPois   .          Reflect  .   (helmet restricted)
rElec   .          Harm     .   q - +0 cloak
rCorr   .          Rampage  .   (no gloves)
Will    .....                   (no boots)
Stlth   ..........              (no amulet)
HPRegen 0.21/turn               s - +6 ring of dexterity
MPRegen 0.10/turn               x - +4 ring of evasion

@: no status effects
A: horns 2, retaliatory headbutt
a: no special abilities


You were on level 5 of the Dungeon.
You visited 1 branch of the dungeon, and saw 5 of its levels.

You collected 233 gold pieces.

Inventory:

Hand Weapons
 a - a +0 war axe (weapon)
Missiles
 f - a throwing net (quivered)
Armour
 b - a +0 scale mail (worn)
 c - a +0 buckler (worn)
 q - a +0 cloak (worn)
Jewellery
 s - a +6 ring of dexterity (left hand)
 w - an amulet of faith
 x - a +4 ring of evasion (right hand)
Wands
 n - a wand of acid (6)
Scrolls
 e - 4 scrolls of teleportation {unknown}
 g - 2 scrolls of enchant weapon {unknown}
 h - a scroll of immolation {unknown}
 l - a scroll of silence {unknown}
 m - a scroll of fog {unknown}
 o - a scroll of holy word {unknown}
 p - 6 scrolls of identify {unknown}
 y - a scroll of blinking {unknown}
Potions
 d - 2 potions of invisibility {unknown}
 i - 2 potions of heal wounds {unknown}
 j - 4 potions of curing {unknown}
 k - a potion of attraction {unknown}
 r - 3 potions of brilliance {unknown}
 t - a potion of flight {unknown}
 u - 4 potions of cancellation {unknown}
 v - a potion of mutation {unknown}
 z - a potion of degeneration {unknown}
 A - a potion of ambrosia {unknown}


   Skills:
 - Level 5.1 Fighting
 * Level 9.6 Axes
 - Level 5.1 Armour
 + Level 5.0 Dodging
 - Level 5.2 Shields


You had 7 spell levels left.
You didn't know any spells.
Your spell library contained the following spells:

 Spells                   Type           Power      Damage    Failure   Level
 Apportation              Tloc           0%         N/A       86%         1
 Alistair's Intoxication  Tmut/Pois      0%         N/A       100%        5


Dungeon Overview and Level Annotations

Branches:
Dungeon (5/15)             Temple (0/1) D:5

Altars:
Fedhas


Innate Abilities, Weirdness & Mutations

You have a pair of horns on your head.
You reflexively headbutt those who attack you in melee.


Message History

The ogre barely misses you.
You barely miss the ogre.
The ogre is heavily wounded.
You hit the orc. The orc completely misses you. The ogre closely misses you.
You furiously retaliate!
You headbutt the ogre. You hit the ogre. Your headbutt misses the ogre.
The ogre is severely wounded.
You barely miss the orc.
You hit the orc warrior but do no damage.
The orc closely misses you.
The orc warrior hits you with a +0 scimitar!!
You slash the ogre!
You kill the ogre!
You barely miss the orc warrior. You hit the orc but do no damage.
The orc closely misses you. You furiously retaliate!
You headbutt the orc!
You kill the orc!
The orc warrior barely misses you.
Your Dodging skill increases to level 5!
You closely miss the orc warrior. You block the orc warrior's attack.
You barely miss the orc warrior.
The orc warrior hits you with a +0 scimitar!
You are too injured to fight recklessly!
You hit the orc warrior. Your headbutt misses the orc warrior.
The orc warrior is lightly wounded.
The orc warrior hits you with a +0 scimitar.
You slash the orc warrior!
The orc warrior is moderately wounded.
The orc warrior hits you with a +0 scimitar.
* * * LOW HITPOINT WARNING * * *
You hit the orc warrior. Your headbutt misses the orc warrior.
The orc warrior is moderately wounded.
The orc warrior hits you but does no damage.
You closely miss the orc warrior.
The orc warrior is moderately wounded.
The orc warrior barely misses you. You furiously retaliate!
You headbutt the orc warrior, but do no damage.
You hit the orc warrior. Your headbutt misses the orc warrior.
The orc warrior is heavily wounded.
The orc warrior hits you with a +0 scimitar!
You die...

##...##
##.....#########
#.......##.....#
#.......##.....#
#..$....##.....#
#.>...# #.....#
#))o# #.....#
###@#######.###
#.).##........#
#.####........# #.#
#........######
#.####..............
#.##...........#####
#.##.#.........#
#######
#..............#
......#
####.#......##.#


You could see an orc warrior.

Vanquished Creatures
  Grinder (D:3)
  Menkaure (D:4)
  An ice beast (D:5)
  A black bear (D:5)
  A necrophage (D:5)
  5 ogres (D:5)
  A scorpion (D:4)
  A howler monkey (D:5)
  A hound (D:5)
  A jelly (D:5)
  An orc priest (D:3)
  An iguana (D:4)
  A hound skeleton (D:5)
  Robin (D:3)
  A gnoll (D:1)
  A howler monkey skeleton (D:5)
  4 adders
  An ufetubus (D:5)
  An adder skeleton (D:4)
  2 worms
  2 dart slugs
  8 orcs
  5 bats
  9 endoplasms
  A giant cockroach (D:3)
  29 goblins
  12 hobgoblins
  8 jackals
  6 kobolds
  2 quokkas
  6 ball pythons
  A frilled lizard (D:2)
  7 rats
124 creatures vanquished.

Notes
Turn   | Place    | Note
-------+----------+-------------------------------------------
     0 | D:1      | crazypyro the Minotaur Fighter began the quest for the Orb.
     0 | D:1      | Reached XP level 1. HP: 19/19 MP: 0/0
   196 | D:1      | Reached XP level 2. HP: 25/27 MP: 1/1
   298 | D:1      | Reached skill level 3 in Axes
   300 | D:1      | Reached XP level 3. HP: 22/33 MP: 2/2
  1303 | D:2      | Found Enie's General Store.
  1793 | D:2      | Reached XP level 4. HP: 40/40 MP: 3/3
  2074 | D:3      | Found a blossoming altar of Fedhas.
  2365 | D:3      | Reached skill level 4 in Axes
  2365 | D:3      | Reached XP level 5. HP: 33/47 MP: 4/4
  2542 | D:3      | Noticed Grinder
  2544 | D:3      | Paralysed by Grinder for 7 turns
  2557 | D:3      | Paralysed by Grinder for 4 turns
  2566 | D:3      | Killed Grinder
  2567 | D:3      | Reached skill level 5 in Fighting
  2567 | D:3      | Reached skill level 5 in Axes
  2567 | D:3      | Reached skill level 5 in Armour
  2567 | D:3      | Reached skill level 5 in Shields
  2567 | D:3      | Reached XP level 6. HP: 6/56 MP: 5/5
  3445 | D:3      | Noticed Robin
  3452 | D:3      | Killed Robin
  3668 | D:4      | Noticed Menkaure
  3680 | D:4      | Killed Menkaure
  3681 | D:4      | Reached skill level 6 in Axes
  3681 | D:4      | Reached skill level 1 in Dodging
  3681 | D:4      | Reached XP level 7. HP: 40/61 MP: 6/6
  4541 | D:5      | Entered Level 5 of the Dungeon
  4591 | D:5      | Reached skill level 7 in Axes
  4677 | D:5      | Reached skill level 8 in Axes
  4692 | D:5      | Reached XP level 8. HP: 50/68 MP: 7/7
  4929 | D:5      | Reached skill level 9 in Axes
  5183 | D:5      | Found a staircase to the Ecumenical Temple.
  5270 | D:5      | Reached skill level 5 in Dodging
  5276 | D:5      | Slain by an orc warrior

Illustrated notes

Levels and vault maps discovered:
D:1:      kennysheep_arrival_seaside, layout_basic
D:2:      layout_basic, serial_shops, nicolae_diamond_shop
D:3:      kennysheep_goblin_castle, layout_rooms,
          mainiacjoe_overflow_small_starburst, minmay_door_square,
          guppyfry_early_orc_mine, uniq_grinder, uniq_robin
D:4:      kennysheep_six_static_rooms, layout_cave_pods,
          grunt_temple_overflow_octagram, minmay_liquid_box, uniq_menkaure
D:5:      layout_loops_cross, minmay_temple_entry_antechambers

Skill      XL: |  1  2  3  4  5  6  7  8 |
---------------+-------------------------+-----
Armour         | 4 5 |  5.1
Shields        | 4 5 |  5.2
Fighting       | 4 5 |  5.1
Axes           | 3 4 5 6 8 9 |  9.6
Dodging        | 1 3 5 |  5.0

Action                   |  1- 3 |  4- 6 |  7- 9 || total
-------------------------+-------+-------+-------++-------
Melee: War axe           |    73 |    87 |   110 ||   270
       Headbutt          |     8 |    15 |    21 ||    44
  Use: Potion            |       |     1 |       ||     1
Armor: Scale mail        |    38 |    37 |    26 ||   101
Dodge: Dodged            |    29 |    50 |    56 ||   135
Block: Buckler           |    13 |    28 |    29 ||    70
